Map: Central Protocol

Players

Julebrygd

  • Race: Protoss Protoss

A.I. 1 (Very Hard) - Winner!

  • Race: Zerg Zerg

VOD

Have the link to the VOD?

Description

Time

  • Played on: Feb. 27, 2016, 4:59 a.m.
  • Length: 23:01
Show
View Real Time Build Order
Export as new Build Order

Julebrygd Protoss 

Build Orders:  

Get SALT Encoding   

  12  0:02  Probe (Chrono Boost)  
  13  0:13  Probe (Chrono Boost)  
  14  0:22  Pylon  
  14  0:26  Probe (Chrono Boost)  
  15  0:41  Probe (Chrono Boost)  
  15  0:42  Gateway  
  16  0:51  Probe (Chrono Boost)  
  16  0:54  Assimilator  
  17  1:02  Probe (Chrono Boost)  
  18  1:09  Gateway  
  18  1:12  Probe (Chrono Boost)  
  18  1:17  Pylon  
  19  1:23  Probe (Chrono Boost)  
  20  1:36  Cybernetics Core, Probe (Chrono Boost)  
  21  1:40  Zealot  
  23  1:52  Probe (Chrono Boost), Assimilator  
  24  2:05  Probe (Chrono Boost)  
  25  2:18  Sentry  
  27  2:30  Stalker  
  29  2:37  Pylon  
  29  2:55  Stalker  
  31  3:01  Forge  
  31  3:04  Sentry  
  33  3:15  Gateway  
  33  3:17  Gateway  
  33  3:19  Pylon  
  33  3:27  Robotics Facility  
  33  3:33  Warp Gate  
  33  3:36  Stalker  
  33  3:41  Stalker  
  37  4:15  Twilight Council  
  37  4:19  Mothership Core (Chrono Boost)  
  39  4:24  Nexus  
  39  4:38  Pylon  
  39  5:06  Templar Archives, Probe (Chrono Boost)  
  40  5:17  Probe (Chrono Boost)  
  41  5:28  Protoss Ground Weapons Level 1  
  41  5:35  Assimilator  
  41  5:42  Stalker  
  41  5:43  Stalker  
  45  5:57  Probe x2 (Chrono Boost)  
  45  6:04  Pylon  
  47  6:07  Pylon  
  47  6:08  Probe x2 (Chrono Boost)  
  47  6:10  Assimilator  
  49  6:12  Psionic Storm  
  49  6:23  Observer  
  50  6:37  Probe (Chrono Boost)  
  50  6:38  Probe (Chrono Boost)  
  52  6:46  Pylon  
  52  6:48  Probe x2 (Chrono Boost)  
  52  6:50  Pylon, Observer  
  55  6:56  Pylon, Zealot  
  55  7:00  Pylon  
  57  7:11  Immortal  
  61  7:17  Probe x2 (Chrono Boost)  
  61  7:22  Stargate  
  63  7:46  High Templar x2  
  63  7:47  High Templar  
  69  7:54  Stalker  
  71  8:06  Protoss Ground Armor Level 1  
  71  8:13  Probe (Chrono Boost)  
  71  8:14  Probe (Chrono Boost)  
  73  8:27  Photon Cannon  
  73  8:28  Photon Cannon  
  73  8:32  Phoenix  
  73  8:33  Photon Cannon x2  
  75  8:46  Gateway  
  74  8:49  Stalker  
  74  8:50  Stalker x2  
  74  8:51  Stalker  
  82  8:57  Phoenix  
  82  8:58  Immortal (Chrono Boost)  
  49  9:52  Pylon  
  49  9:54  Pylon  
  49  9:56  Pylon  
  49  10:02  Mothership Core  
  51  10:07  Pylon  
  51  10:13  Immortal (Chrono Boost), Pylon  
  55  10:22  High Templar x2  
  55  10:23  High Templar x3  
  65  10:46  Nexus  
  65  10:47  Immortal (Chrono Boost)  
  65  10:48  Pylon  
  69  10:50  Pylon  
  69  10:52  Assimilator  
  69  10:54  Phoenix  
  69  10:56  Assimilator  
  71  11:13  Stalker x3  
  77  11:19  Phoenix  
  77  11:21  Immortal (Chrono Boost)  
  83  11:40  Stalker x5  
  97  12:02  Immortal (Chrono Boost)  
  93  12:38  Immortal (Chrono Boost)  
  93  12:39  Phoenix  
  99  12:44  Sentry  
  99  12:45  Sentry x4  
  109  12:58  Pylon  
  109  13:04  Phoenix  
  72  14:17  Stalker x5  
  72  14:22  Immortal (Chrono Boost)  
  72  14:23  Protoss Shields Level 1  
  86  14:26  Phoenix  
  86  14:29  Blink  
  88  14:39  Probe  
  88  14:41  Probe  
  90  14:51  Phoenix  
  92  14:56  Immortal (Chrono Boost)  
  92  14:57  Photon Cannon  
  92  14:58  Photon Cannon  
  92  14:59  High Templar  
  98  15:01  Photon Cannon  
  98  15:03  Photon Cannon, Zealot  
  98  15:04  Zealot x3  
  106  15:33  Immortal (Chrono Boost)  
  110  15:41  Probe  
  111  15:44  Stalker x3  
  111  15:45  Stalker  
  80  16:40  Pylon  
  80  17:01  Warp Prism (Chrono Boost)  
  56  17:23  Stalker x5  
  66  17:33  Immortal (Chrono Boost)  
  70  17:51  Pylon  
  70  17:54  Gateway  
  70  17:55  Phoenix  
  70  17:56  Gateway  
  72  17:59  Gateway  
  72  18:06  High Templar x3  
  72  18:07  Immortal (Chrono Boost), High Templar  
  84  18:13  Stalker  
  86  18:20  Phoenix  
  88  18:33  Nexus  
  88  18:35  Pylon  
  88  18:36  Pylon  
  88  18:40  Charge, Assimilator  
  92  18:41  Immortal (Chrono Boost)  
  92  18:45  Assimilator  
  92  18:46  Stalker  
  92  18:47  Stalker x2  
  98  18:55  Stalker  
  78  19:10  Stalker x3  
  58  20:01  Photon Cannon  
  58  20:02  Photon Cannon  
  58  20:05  Photon Cannon  
  58  20:07  Photon Cannon  
  58  20:12  Stalker  
  58  20:13  Stalker x4  
  68  20:25  Probe  
  68  20:27  Probe  
  70  20:47  High Templar x4  
  78  20:51  Archon x2  
  78  20:53  Zealot x3  
  78  20:54  Zealot  
  86  21:27  Phoenix  
  84  21:37  High Templar x2  
  84  21:39  Zealot  
  90  21:40  Zealot x5  
  100  21:52  Phoenix  
  102  22:04  Observer (Chrono Boost)  
  103  22:13  High Templar  
  105  22:15  Zealot x2  
  105  22:16  Zealot x4  
  118  22:23  Observer (Chrono Boost)  
Show
View Real Time Build Order
Export as new Build Order

A.I. 1 (Very Hard) Zerg - Winner!

Build Orders: Pool First, Swarm Host 

Get SALT Encoding   

  12  0:00  Drone  
  13  0:12  Overlord  
  13  0:16  Drone  
  14  0:30  Drone x2  
  16  0:43  Spawning Pool  
  16  0:45  Drone  
  17  0:50  Drone  
  17  1:16  Hatchery  
  17  1:17  Drone  
  17  1:19  Extractor  
  17  1:22  Drone  
  17  1:25  Drone  
  18  1:29  Drone  
  19  1:38  Overlord  
  19  1:49  Drone  
  19  1:52  Queen  
  22  1:59  Zergling x2  
  23  2:10  Drone  
  24  2:21  Drone  
  25  2:28  Roach Warren, Queen  
  26  2:31  Drone  
  27  2:37  Extractor  
  27  2:42  Drone  
  27  2:49  Overlord  
  27  2:53  Drone  
  27  2:56  Drone  
  29  3:00  Drone  
  29  3:03  Drone  
  31  3:07  Drone  
  31  3:10  Zergling x2  
  33  3:14  Zergling x2  
  33  3:18  Roach  
  36  3:22  Drone  
  36  3:26  Roach  
  38  3:29  Roach  
  38  3:33  Roach  
  42  3:36  Drone  
  42  3:38  Drone  
  44  3:44  Overlord  
  44  3:50  Lair  
  44  3:55  Metabolic Boost  
  44  4:02  Drone  
  45  4:03  Drone  
  45  4:05  Drone  
  45  4:07  Drone  
  45  4:09  Drone  
  49  4:12  Drone  
  49  4:14  Drone  
  51  4:18  Overlord  
  51  4:21  Drone  
  52  4:25  Evolution Chamber  
  52  4:26  Drone  
  52  4:30  Evolution Chamber  
  52  4:31  Drone  
  52  4:36  Drone x2  
  54  4:40  Drone  
  54  4:42  Drone  
  54  4:44  Drone  
  57  4:45  Drone  
  57  4:52  Infestation Pit, Drone  
  58  4:53  Zerg Missile Weapons Level 1  
  58  4:57  Zerg Ground Armor Level 1  
  58  4:59  Overlord  
  58  5:03  Roach  
  60  5:13  Extractor  
  59  5:16  Extractor, Roach  
  59  5:18  Drone, Overlord  
  59  5:20  Hydralisk Den, Drone  
  59  5:21  Drone  
  62  5:23  Drone  
  62  5:24  Drone  
  62  5:26  Drone  
  62  5:27  Drone  
  66  5:36  Drone x2, Overlord  
  66  5:38  Drone x3  
  66  5:40  Drone  
  72  5:43  Infestor  
  72  5:49  Hydralisk  
  74  5:53  Hydralisk  
  74  5:54  Roach, Overlord  
  74  5:55  Roach  
  82  6:02  Roach  
  84  6:12  Infestor, Roach, Overlord  
  84  6:14  Spine Crawler, Drone  
  84  6:16  Ravager  
  84  6:18  Roach  
  91  6:20  Hatchery  
  91  6:25  Ravager  
  91  6:30  Roach, Overlord  
  91  6:32  Hydralisk  
  95  6:36  Hydralisk  
  97  6:42  Spine Crawler  
  96  6:48  Overlord  
  96  6:50  Infestor  
  98  7:04  Infestor  
  98  7:06  Roach  
  102  7:09  Roach, Overlord  
  104  7:16  Roach  
  104  7:20  Hydralisk  
  104  7:21  Spore Crawler  
  107  7:22  Spore Crawler  
  107  7:25  Hydralisk  
  108  7:33  Queen, Drone x2  
  108  7:34  Overseer, Drone x5, Overlord  
  108  7:35  Drone x2  
  119  7:42  Drone x2  
  119  7:43  Drone  
  122  7:45  Drone x3  
  122  7:46  Lurker Den, Extractor  
  122  7:49  Drone x3  
  127  7:53  Drone, Overlord  
  127  7:55  Drone  
  127  7:57  Ravager  
  130  8:04  Drone x2, Roach  
  135  8:05  Ravager  
  135  8:15  Extractor, Overlord, Drone x2  
  135  8:17  Roach x2, Drone  
  141  8:20  Roach  
  143  8:30  Zergling x2  
  143  8:31  Zergling x2  
  143  8:33  Hive, Zergling x2, Overlord  
  146  8:36  Evolution Chamber  
  145  8:44  Zerg Melee Weapons Level 1  
  145  8:51  Overlord  
  145  8:53  Zerg Missile Weapons Level 2  
  145  9:02  Spine Crawler  
  144  9:03  Drone  
  144  9:04  Spore Crawler  
  144  9:06  Drone  
  144  9:07  Zerg Ground Armor Level 2  
  145  9:17  Hydralisk Den, Drone  
  145  9:19  Zergling x4, Overlord  
  145  9:20  Zergling x6  
  145  9:21  Zergling x4  
  145  9:22  Zergling x4, Roach  
  145  9:23  Roach  
  148  9:24  Hatchery  
  148  9:25  Roach  
  148  9:26  Roach  
  148  9:28  Roach  
  148  9:30  Zergling x2, Roach  
  148  9:31  Roach x2  
  135  9:39  Infestor  
  135  9:42  Roach  
  135  9:43  Spine Crawler  
  135  9:44  Ravager, Viper, Roach, Drone  
  139  9:45  Roach  
  139  9:46  Spine Crawler  
  139  9:47  Roach, Drone  
  139  9:48  Roach  
  139  9:51  Hydralisk  
  145  9:54  Hydralisk  
  145  9:56  Roach  
  145  9:57  Roach  
  151  10:09  Viper  
  154  10:19  Lurker, Overlord, Hydralisk  
  157  10:22  Lurker, Hydralisk  
  157  10:23  Spore Crawler  
  157  10:26  Spore Crawler  
  157  10:27  Spine Crawler  
  157  10:36  Spine Crawler  
  157  10:37  Queen, Drone x2  
  157  10:38  Spore Crawler, Drone x5  
  157  10:39  Pneumatized Carapace, Drone x3  
  157  10:42  Overseer  
  167  10:44  Overseer  
  167  10:47  Extractor  
  167  10:49  Drone  
  167  10:50  Extractor  
  167  10:52  Drone  
  167  11:13  Zerg Melee Weapons Level 2  
  167  11:15  Spine Crawler  
  167  11:16  Drone  
  167  11:17  Hatchery  
  166  11:19  Drone  
  167  11:25  Zerg Missile Weapons Level 3  
  167  11:47  Spine Crawler, Drone  
  166  11:48  Spore Crawler  
  166  11:49  Drone  
  166  11:50  Spine Crawler  
  166  11:51  Drone  
  166  11:52  Spore Crawler  
  166  11:53  Drone  
  167  12:10  Swarm Host  
  167  12:11  Swarm Host x3, Zergling x2, Overlord  
  167  12:12  Swarm Host x2, Zergling x2  
  190  12:28  Spine Crawler, Swarm Host  
  190  12:29  Queen, Drone  
  195  12:33  Viper  
  195  12:41  Extractor  
  195  12:43  Drone  
  195  12:47  Extractor  
  195  12:48  Drone  
  195  12:49  Spine Crawler, Drone  
  195  12:50  Spine Crawler  
  194  12:51  Drone  
  194  12:52  Spine Crawler  
  194  12:54  Drone  
  195  13:04  Hatchery  
  194  13:06  Drone  
  194  13:11  Swarm Host  
  198  13:18  Zerg Ground Armor Level 3  
  198  13:19  Hydralisk  
  199  13:20  Roach  
  199  13:21  Zergling x4  
  199  13:22  Zergling x4  
  199  13:23  Zergling x6  
  199  13:24  Zergling x4  
  199  13:25  Zergling x2, Roach, Hydralisk  
  199  13:26  Hydralisk x2  
  199  13:27  Hydralisk x3  
  199  13:28  Spore Crawler  
  199  13:29  Drone, Hydralisk x2  
  199  13:30  Spore Crawler, Roach x2, Hydralisk  
  199  13:31  Drone, Roach  
  199  13:32  Roach  
  185  13:34  Roach  
  185  13:36  Overlord  
  185  13:39  Roach  
  160  13:41  Roach  
  160  13:43  Roach  
  160  13:45  Roach  
  160  13:47  Roach  
  164  13:49  Roach  
  164  13:51  Roach  
  155  13:55  Swarm Host  
  155  13:58  Hydralisk  
  155  14:00  Infestor  
  162  14:03  Overlord  
  162  14:07  Infestor  
  162  14:09  Overseer  
  164  14:12  Overseer  
  164  14:13  Swarm Host  
  167  14:22  Overlord  
  170  14:25  Muscular Augments  
  170  14:30  Swarm Host  
  173  14:35  Swarm Host  
  176  14:40  Spine Crawler  
  176  14:43  Spine Crawler, Overlord  
  176  14:45  Drone x2  
  175  14:47  Infestor  
  175  14:50  Infestor  
  175  14:51  Viper  
  183  15:02  Queen  
  185  15:20  Spore Crawler, Drone  
  185  15:22  Spore Crawler  
  185  15:23  Drone, Hydralisk x2  
  185  15:24  Spore Crawler  
  185  15:26  Drone, Hydralisk  
  191  15:32  Overseer  
  191  15:33  Overlord  
  191  15:40  Zerg Melee Weapons Level 3  
  191  15:50  Spore Crawler  
  191  15:51  Drone  
  191  15:53  Spine Crawler  
  191  15:54  Drone  
  191  15:57  Spine Crawler  
  190  15:58  Drone  
  190  15:59  Glial Reconstitution, Pathogen Glands, Drone, Spore Crawler  
  190  16:02  Spore Crawler  
  190  16:03  Hatchery, Drone x2  
  191  16:06  Zergling x2, Roach  
  191  16:07  Zergling x4, Roach x2  
  191  16:08  Zergling x6, Roach  
  191  16:09  Zergling x4  
  194  16:11  Zergling x2  
  194  16:12  Zergling x2  
  194  16:14  Overseer  
  194  16:15  Overlord  
  194  16:18  Roach  
  158  16:19  Roach  
  158  16:21  Roach  
  158  16:24  Roach  
  158  16:25  Roach  
  142  16:27  Roach  
  142  16:29  Roach  
  142  16:31  Roach  
  142  16:32  Roach  
  146  16:34  Roach  
  146  16:36  Hydralisk  
  146  16:38  Hydralisk  
  152  16:40  Hydralisk  
  152  16:42  Hydralisk  
  152  16:44  Hydralisk  
  152  16:47  Hydralisk  
  158  16:48  Hydralisk  
  158  16:51  Infestor  
  164  16:55  Neural Parasite  
  164  16:58  Overlord  
  167  17:01  Spine Crawler  
  167  17:03  Spine Crawler, Drone  
  167  17:04  Drone  
  167  17:06  Zergling x2  
  167  17:08  Zergling x4  
  167  17:09  Zergling x2  
  167  17:10  Zergling x2  
  167  17:12  Zergling x2  
  168  17:22  Infestor  
  173  17:24  Infestor  
  173  17:27  Viper  
  173  17:29  Viper  
  178  17:34  Adrenal Glands  
  181  17:47  Queen  
  183  17:53  Spore Crawler  
  183  17:54  Drone  
  183  17:57  Spore Crawler  
  183  17:58  Drone  
  183  17:59  Spore Crawler  
  183  18:00  Drone  
  192  18:13  Spire  
  192  18:14  Burrow, Drone  
  192  18:17  Infestor  
  197  18:21  Hatchery  
  197  18:22  Drone  
  197  18:26  Tunneling Claws  
  197  18:28  Spore Crawler  
  197  18:29  Drone  
  197  18:30  Infestor  
  199  18:42  Baneling Nest  
  199  18:43  Drone  
  199  18:57  Zergling x4  
  199  18:58  Zergling x4  
  199  18:59  Zergling x2  
  199  19:00  Zergling x4  
  199  19:01  Zergling x4, Spore Crawler, Roach  
  199  19:02  Roach, Drone  
  197  19:03  Zergling x2, Roach x2, Hydralisk x5  
  197  19:04  Hydralisk  
  197  19:05  Hydralisk  
  197  19:07  Roach  
  197  19:09  Roach  
  186  19:10  Roach  
  186  19:11  Roach  
  186  19:13  Roach  
  186  19:14  Roach  
  186  19:15  Roach  
  185  19:17  Roach  
  185  19:18  Roach  
  185  19:19  Viper  
  184  19:26  Greater Spire, Corruptor  
  184  19:29  Corruptor  
  186  19:34  Spine Crawler  
  186  19:35  Spine Crawler, Drone  
  186  19:36  Infestor  
  186  19:37  Drone  
  188  19:43  Queen, Baneling  
  190  19:47  Infestor  
  190  19:48  Infestor, Ravager x2  
  190  19:49  Roach  
  198  19:53  Baneling x3  
  198  19:54  Baneling  
  198  19:55  Hatchery  
  198  19:58  Drone  
  198  20:03  Centrifical Hooks, Baneling x2  
  198  20:04  Baneling  
  198  20:15  Spore Crawler  
  198  20:16  Drone  
  198  20:17  Spore Crawler  
  198  20:18  Drone  
  198  20:20  Baneling x2  
  198  20:21  Baneling x2  
  198  20:35  Spine Crawler  
  198  20:36  Drone  
  198  20:38  Brood Lord  
  198  20:39  Spore Crawler  
  198  20:40  Drone  
  200  20:44  Spine Crawler  
  200  20:45  Drone  
  200  20:46  Spore Crawler  
  200  20:47  Drone  
  200  20:59  Overseer  
  200  21:06  Spine Crawler, Corruptor  
  200  21:08  Spore Crawler, Drone  
  200  21:10  Spine Crawler, Drone  
  200  21:12  Spore Crawler  
  200  21:13  Drone  
  200  21:14  Spine Crawler  
  200  21:15  Drone  
  200  21:18  Spore Crawler, Drone  
  200  21:30  Extractor  
  200  21:31  Drone x3, Extractor  
  200  21:32  Extractor, Drone  
  200  21:34  Extractor, Drone  
  200  21:44  Extractor  
  200  21:45  Drone, Extractor  
  200  21:46  Drone  
  200  21:48  Spine Crawler, Drone  
  200  21:52  Spine Crawler, Drone  
  200  21:54  Drone  
  200  21:55  Spine Crawler, Drone  
  200  21:57  Spine Crawler, Drone  
  200  22:14  Extractor, Drone  
  200  22:18  Extractor, Drone  
  200  22:31  Spore Crawler  
  200  22:32  Drone  
  200  22:33  Drone  
  200  22:34  Spore Crawler, Drone x2  
  200  22:35  Zergling x2  
  198  22:37  Zergling x2, Spore Crawler, Drone  
  198  22:39  Zergling x6, Drone  
  198  22:41  Spire, Zergling x2  
  198  22:43  Drone  
  198  22:44  Spore Crawler  
  196  22:47  Drone  
  196  22:49  Spine Crawler  
Tags
 
Add a new tag
Caveats
  • Supply blocks, unpowered buildings, or Contaminate may cause inaccurate times.
  • Supply counts are checked every 10 seconds.